 Dungeon Crawl Stone Soup version 0.29-a0-356-g7bc237e783 (webtiles) character file.

Game seed: 7516304425960251346

75 spaghetti the Thaumaturge (level 4, -7/38 HPs)
             Began as a Gnoll Wanderer on Apr 26, 2022.
             Was a Follower of Sif Muna.
             Mangled by Sigmund
             ... wielding a +0 scythe
              (11 damage)
             ... on level 2 of the Dungeon.
             The game lasted 00:03:59 (2086 turns).

spaghetti the Thaumaturge (Gnoll Wanderer)          Turns: 2086, Time: 00:03:59

Health: -7/38      AC:  3    Str: 11    XL:     4   Next: 31%
Magic:  1/15       EV: 12    Int: 12    God:    Sif Muna [*.....]
Gold:   74         SH:  0    Dex: 13    Spells: 17/21 levels left

rFire   . . .      SeeInvis +   d - +0 dagger (elec) {short}
rCold   . . .      Faith    .   (no shield)
rNeg    . . .      Spirit   .   f - +0 leather armour
rPois   .          Reflect  .   (no helmet)
rElec   .          Harm     .   (no cloak)
rCorr   .          Rampage  .   (no gloves)
Will    .....                   (no boots)
Stlth   ++........              (no amulet)
HPRegen 0.12/turn               l - ring of see invisible
MPRegen 0.14/turn               (no ring)

@: on berserk cooldown
A: fangs 1, strong nose, distributed training
a: Renounce Religion, Channel Magic


You were on level 2 of the Dungeon.
You worshipped Sif Muna.
Sif Muna was aware of your devotion.
You visited 1 branch of the dungeon, and saw 2 of its levels.

You collected 74 gold pieces.


Innate Abilities, Weirdness & Mutations

You have very sharp teeth.
Your uncanny sense of smell can sniff out nearby items.
Your experience applies equally to all skills.


   Skills:
 + Level 4.6 Fighting
 + Level 1.1 Short Blades
 + Level 1.1 Long Blades
 + Level 1.1 Axes
 + Level 1.1 Maces & Flails
 + Level 1.1 Polearms
 + Level 1.1 Staves
 + Level 1.1 Slings
 + Level 1.1 Bows
 + Level 1.1 Crossbows
 + Level 1.1 Throwing
 + Level 1.1 Armour
 + Level 2.7 Dodging
 + Level 2.5 Stealth
 + Level 1.1 Shields
 + Level 4.6 Unarmed Combat
 + Level 9.3 Spellcasting
 + Level 0.8 Conjurations
 + Level 0.8 Hexes
 + Level 0.8 Summonings
 + Level 0.8 Necromancy
 + Level 0.8 Translocations
 + Level 0.8 Transmutations
 + Level 0.8 Fire Magic
 + Level 0.8 Ice Magic
 + Level 0.8 Air Magic
 + Level 0.8 Earth Magic
 + Level 0.8 Poison Magic
 + Level 1.2 Invocations
 + Level 1.1 Evocations


You had 17 spell levels left.
You knew the following spells:

 Your Spells              Type           Power      Damage    Failure   Level
a - Sandblast             Erth           14%        2d6       12%         1
b - Stone Arrow           Conj/Erth      14%        3d7       34%         3

Your spell library contained the following spells:

 Spells                   Type           Power      Damage    Failure   Level


Inventory:

Hand Weapons
 a - a +0 dagger {short}
 d - a +0 dagger of electrocution (weapon) {short}
   (You took it off a goblin on level 1 of the Dungeon)
Missiles
 e - 16 stones {throwing}
 q - 6 boomerangs {throwing}
Armour
 f - a +0 leather armour (worn)
Magical Staves
 g - a staff of fire {!astaff}
   (You found it on level 1 of the Dungeon)
 o - a staff of air {!astaff}
   (You found it on level 2 of the Dungeon)
Jewellery
 l - a ring of see invisible (left hand)
   (You found it on level 1 of the Dungeon)
 u - an amulet of the acrobat
   (You took it off a kobold on level 2 of the Dungeon)
Wands
 s - a wand of polymorph (11)
   (You took it off Jessica on level 2 of the Dungeon)
Scrolls
 b - a scroll of blinking {!r}
 c - a scroll of fog
 h - 3 scrolls of identify {unknown}
 m - a scroll of amnesia {unknown}
 p - 2 scrolls of torment {unknown}
 r - a scroll of magic mapping {unknown}

Dungeon Overview and Level Annotations

Branches:
Dungeon (2/15)

Altars:
Sif Muna

Annotations:
D:2 Sigmund

########## #.@@......
#.#################
#.#................
#.#.#####.#.#......
#.#.# #.#.#......
#.#.#####.#.#......
####.#.#.....#.#######
#....#.#.#####.# ###
#.##.#.........# #..


You could see Sigmund (fast, invisible).


Message History

Press: ? - help, Shift-Dir - straight line, f/p - Sigmund
Aim: Sigmund, wielding a +0 scythe and wearing a +0 robe (moderately wounded, fast, slightly transparent, 60% to hit)
You miscast Stone Arrow.
Nothing appears to happen.
Sigmund hits you but does no damage. 😕 MP[-3]
You lost 3 mp, and now have 3/15 mp.
Casting: Stone Arrow (quite dangerous; 34% risk of failure)
Confirm with . or Enter, or press ? or * to list all spells.
The spell is quite dangerous to miscast (34% risk of failure)!
Continue anyway? [Y]es or [N]o only, please.
The spell is quite dangerous to miscast (34% risk of failure)!
Continue anyway?
Aiming: Stone Arrow (quite dangerous; 34% risk of failure)
Press: ? - help, Shift-Dir - straight line, f/p - Sigmund
Aim: Sigmund, wielding a +0 scythe and wearing a +0 robe (moderately wounded, fast, slightly transparent, 60% to hit)
The stone arrow hits Sigmund!
Sigmund casts a spell at you.
The puff of flame hits you. 😕 HP[-5] MP[-3]
You take 5 damage, and now have 30/38 hp.
You lost 3 mp, and now have 0/15 mp.
Okay, then.
It was a potion of lignification.
You turn into a tree.
Your +0 leather armour melds into your body.
Your roots penetrate the ground.
Sigmund hits you from afar with a +0 scythe. 😮 HP[+11]
You now have 57 max hp (+19).
You regained 11 hp, and now have 41/57 hp.
Okay, then.
It was a potion of berserk rage.
A red film seems to cover your vision as you go berserk!
You feel yourself moving faster!
You feel mighty!
Sigmund hits you from afar with a +0 scythe. 😮 HP[+15] MP[+1]
You now have 85 max hp (+28).
You regained 15 hp, and now have 56/85 hp.
You are too berserk!
Okay, then.
You are too berserk!
You feel a strong urge to attack something.
Sigmund hits you but does no damage. 😮 HP[+1] Sigmund barely misses you.
You feel your anger nearly subside.
You are no longer berserk.
You are exhausted.
You feel yourself slow down. 😮 HP[-19]
You now have 57 max hp (-28).
Okay, then.
It was a potion of invisibility.
You fade into invisibility!
Sigmund completely misses you.
Sigmund hits you from afar with a +0 scythe. 😮 HP[-1]
You take 1 damage, and now have 37/57 hp.
It was a potion of cancellation.
Your magical effects are unravelling.
You feel magically purged.
Your magical contamination has completely faded away.
You feel less wooden.
Your +0 leather armour unmelds from your body.
You feel yourself speed up.
You flicker back into view.
Sigmund misses you. 😮 HP[-12]
You now have 38 max hp (-19).
Sigmund barely misses you.
Casting: Stone Arrow (quite dangerous; 34% risk of failure)
Confirm with . or Enter, or press ? or * to list all spells.
Aiming: Sandblast (safe; 12% risk of failure)
Press: ? - help, Shift-Dir - straight line, f/p - Sigmund
Aim: Sigmund, wielding a +0 scythe and wearing a +0 robe (severely wounded, fast, slightly transparent, 75% to hit)
The blast of sand hits Sigmund.
Sigmund closely misses you.
You fail to use your ability.
Sigmund hits you with a +0 scythe. 😮 HP[-3]
You take 3 damage, and now have 22/38 hp.
Unknown command.
Unknown command.
You fail to use your ability.
Sigmund hits you with a +0 scythe!
* * * LOW HITPOINT WARNING * * *
😨 HP[-8]
You take 8 damage, and now have 14/38 hp.
MASSIVE DAMAGE!! (PAUSE)
You fail to use your ability.
Sigmund gestures at you while chanting. The magic dart hits you!
* * * LOW HITPOINT WARNING * * *
😱 HP[-10]
You take 10 damage, and now have 4/38 hp.
MASSIVE DAMAGE!! (PAUSE)
You feel better. Sigmund casts a spell at you. The magic dart hits you!
* * * LOW HITPOINT WARNING * * *
Sigmund closely misses you.
You fail to use your ability.
Sigmund hits you with a +0 scythe!
You die...

Skill      XL: |  1  2  3 |
---------------+----------+-----
Spellcasting   | |  9.3
Invocations    | 1 |  1.2
Short Blades   | 1 |  1.1
Long Blades    | 1 |  1.1
Axes           | 1 |  1.1
Maces & Flails | 1 |  1.1
Polearms       | 1 |  1.1
Staves         | 1 |  1.1
Slings         | 1 |  1.1
Bows           | 1 |  1.1
Crossbows      | 1 |  1.1
Throwing       | 1 |  1.1
Armour         | 1 |  1.1
Shields        | 1 |  1.1
Evocations     | 1 |  1.1
Fighting       | |  4.6
Dodging        | |  2.7
Stealth        | |  2.5
Unarmed Combat | |  4.6
Conjurations   | |  0.8
Hexes          | |  0.8
Summonings     | |  0.8
Necromancy     | |  0.8
Translocations | |  0.8
Transmutations | |  0.8
Fire Magic     | |  0.8
Ice Magic      | |  0.8
Air Magic      | |  0.8
Earth Magic    | |  0.8
Poison Magic   | |  0.8

Action                   |  1- 3 |  4- 6 || total
-------------------------+-------+-------++-------
Melee: Dagger            |    12 |       ||    12
       Bite              |     1 |       ||     1
 Cast: Sandblast         |    26 |    18 ||    44
       Stone Arrow       |       |     3 ||     3
  Use: Potion            |     2 |     5 ||     7
 Stab: Sleeping          |     2 |       ||     2
Armor: Leather armour    |     4 |     2 ||     6
       Skin              |       |     1 ||     1
Dodge: Dodged            |    13 |     8 ||    21

Levels and vault maps discovered:
D:1:      arrival_aquarium_a, layout_basic, shapermc_ecumenical_altar_hornbeckon
D:2:      layout_basic, uniq_jessica, uniq_terence, uniq_sigmund

Notes
Turn   | Place    | Note
-------+----------+-------------------------------------------
     0 | D:1      | Reached skill level 9 in Spellcasting
     0 | D:1      | spaghetti the Gnoll Wanderer began the quest for the Orb.
     0 | D:1      | spaghetti set off with the following items: a +0 dagger
                  | {short}, a scroll of blinking {!r}, a scroll of fog, a
                  | potion of curing {@q1}, 26 stones {throwing}, a +0 leather
                  | armour, a potion of heal wounds {@q2}; and the following
                  | spell memorised: Sandblast; and the following spells
                  | available to memorise: Stone Arrow
     0 | D:1      | Reached XP level 1. HP: 20/20 MP: 10/10
     0 | D:1      | magus.rc [v1.9.6]
     1 | D:1      | Noticed an electric eel
    92 | D:1      | Reached XP level 2. HP: 12/26 MP: 9/12
   661 | D:1      | Found a faded altar of an unknown god.
   664 | D:1      | Prayed at the altar of an unknown god.
   664 | D:1      | Became a worshipper of Sif Muna the Loreminder
   664 | D:1      | Reached * piety under Sif Muna
  1333 | D:2      | Reached XP level 3. HP: 31/31 MP: 10/13
  1337 | D:2      | Learned a level 3 spell: Stone Arrow
  1696 | D:2      | Reached skill level 1 in Invocations
  1741 | D:2      | Noticed Jessica
  1742 | D:2      | Killed Jessica
  1743 | D:2      | Reached skill level 1 in Short Blades
  1743 | D:2      | Reached skill level 1 in Long Blades
  1743 | D:2      | Reached skill level 1 in Axes
  1743 | D:2      | Reached skill level 1 in Maces & Flails
  1743 | D:2      | Reached skill level 1 in Polearms
  1743 | D:2      | Reached skill level 1 in Staves
  1743 | D:2      | Reached skill level 1 in Slings
  1743 | D:2      | Reached skill level 1 in Bows
  1743 | D:2      | Reached skill level 1 in Crossbows
  1743 | D:2      | Reached skill level 1 in Throwing
  1743 | D:2      | Reached skill level 1 in Armour
  1743 | D:2      | Reached skill level 1 in Shields
  1743 | D:2      | Reached skill level 1 in Evocations
  1743 | D:2      | Reached XP level 4. HP: 38/38 MP: 13/15
  2067 | D:2      | Noticed Sigmund
  2084 | D:2      | HP: 4/38 [Sigmund/magic dart (10)]
  2086 | D:2      | Mangled by Sigmund

Vanquished Creatures
  Jessica (D:2)
  An adder (D:2)
  A gnoll (D:1)
  A worm (D:2)
  A dart slug (D:2)
  2 endoplasms
  3 goblins
  5 kobolds (D:2)
  A quokka (D:2)
  3 ball pythons
  3 bats
  3 frilled lizards
  4 rats (D:1)
29 creatures vanquished.

Table legend:
 A = Non-vault XP
 B = Vault XP
 C = Vault XP percentage of total XP
 D = Non-vault monster count
 E = Vault monster count
 F = Vault count percentage of total count
                 A         B        C        D         E       F
            +---------+---------+-------+---------+---------+-------
      Total |      71 |      37 |  34.3 |      28 |       1 |   3.4
            +---------+---------+-------+---------+---------+-------
        D:1 |      27 |       0 |   0.0 |      12 |       0 |   0.0
        D:2 |      44 |      37 |  45.7 |      16 |       1 |   5.9
            +---------+---------+-------+---------+---------+-------

Illustrated notes

Table legend:
 A = Kills in this place as a percentage of kills in entire the game.
 B = Kills by you in this place as a percentage of kills by you in the entire game.
 C = Kills by friends in this place as a percentage of kills by friends in the entire game.
 D = Other kills in this place as a percentage of other kills in the entire game.
 E = Experience gained in this place as a percentage of experience gained in the entire game.
 F = Experience gained in this place divided by the number of levels of this place that you have seen.
                   A       B       C       D       E      F
               +-------+-------+-------+-------+-------+----------------------
         Total | 100.0 | 100.0 |   N/A |   N/A | 100.0 |  54.0
       Dungeon | 100.0 | 100.0 |   N/A |   N/A | 100.0 |  54.0
               +-------+-------+-------+-------+-------+----------------------

Table legend: (Time is in decaauts)
 A = Elapsed time spent in this place.
 B = Non-inter-level travel time spent in this place.
 C = Inter-level travel time spent in this place.
 D = Time resting spent in this place.
 E = Time spent auto-exploring this place.
 F = Levels seen in this place.
 G = Mean time per level.
                   A        B        C        D        E       F      G
               +--------+--------+--------+--------+--------+-----+--------+
         Total |   2094 |   2075 |     19 |      0 |   1834 |   2 | 1047.0 |
       Dungeon |   2094 |   2075 |     19 |      0 |   1834 |   2 | 1047.0 |
               +--------+--------+--------+--------+--------+-----+--------+

Top non-repeatable levels by time:
     D:1: 1138 daAuts
     D:2: 955 daAuts
